WCHLSIM.com - West Coast Hockey League
html PUBLIC "-//W3C//DTD XHTML 1.0 Transitional//EN" "http://www.w3.org/TR/xhtml1/DTD/xhtml1-transitional.dtd"> WCHL - Game 795 - REGINA FALCONS vs SAN FRANCISCO SPIDERS

REGINA FALCONS vs SAN FRANCISCO SPIDERS

Created - 17 mars 2021 at 20:07

Goals
1 2 3 T
REGINA FALCONS 2 0 2 4
SAN FRANCISCO SPIDERS 1 0 0 1
Shots
1 2 3 T
REGINA FALCONS 17 7 8 32
SAN FRANCISCO SPIDERS 4 10 6 20

1st period

1. SAN FRANCISCO SPIDERS , Tyler Myers 4 (Andrei Svechnikov 22, Danton Heinen 18) at 3:00 (PP)
2. REGINA FALCONS , Corey Perry 8 (Derick Brassard 17, Brent Burns 20) at 9:28
3. REGINA FALCONS , Tanner Pearson 19 (Ivan Provorov 14, Corey Perry 6) at 17:10 (PP)

Penalties :
Brenden Dillon (REG) for Charging (Minor) at 1:39, Michael Stone (SAF) for Tripping (Minor) at 5:52, Erik Haula (SAF) for Hooking (Minor) at 16:42

2nd period

No Goal

Penalties :
Sean Walker (SAF) for Interference (Minor) at 11:10, Jonathan Audy-Marchessault (REG) for Cross-checking (Minor) at 14:46, Jordan Oesterle (SAF) for Goalie Interference (Minor) at 19:38

3rd period

4. REGINA FALCONS , Jonathan Audy-Marchessault 17 (Max Pacioretty 26, Brent Burns 21) at 0:32 (PP)
5. REGINA FALCONS , Derick Brassard 4 (Tanner Pearson 17, Brent Burns 22) at 2:33

Penalties :
Ryan Getzlaf (REG) for Tripping (Minor) at 8:23, Alexander Kerfoot (SAF) for Interference (Minor) at 13:24, Max Pacioretty (REG) for Interference (Minor) at 18:13

Goalie Stats

Tristan Jarry (REG), 19 saves from 20 shots - (0,950), W, 20-10-4, 60:00 minutes
Igor Shesterkin (SAF), 28 saves from 32 shots - (0,875), L, 3-16-3, 60:00 minutes

Players Stats for REGINA FALCONS

Player Name              G  A  P  +/- PIM S  H  SB GA TA FO     MP     PP MP  PK MP  
------------------------------------------------------------------------------------
Anton Stralman           0  0  0   0  0   2  1  1  0  0  0/0    18:13   0:00   2:54 
Brandon Carlo            0  0  0   2  0   0  2  1  0  0  0/0    20:53   4:03   0:32 
Brenden Dillon           0  0  0   0  2   0  0  0  0  0  0/0    13:48   0:00   2:36 
Brent Burns              0  3  3   2  0   2  1  1  0  0  0/0    21:36   4:03   1:15 
Christoffer Ehn          0  0  0   0  0   1  0  0  0  0  0/0     3:55   0:00   0:58 
Corey Perry              1  1  2   2  0   2  4  0  0  0  1/2    18:22   3:38   0:00 
Derick Brassard          1  1  2   2  0   3  0  0  0  0  14/26  19:24   3:38   1:02 
Erik Gustafsson          0  0  0   0  0   1  1  0  0  0  0/0     6:14   3:16   0:12 
Filip Zadina             0  0  0   0  0   1  0  0  0  0  0/1    14:19   0:00   2:02 
Greg McKegg              0  0  0   0  0   0  0  0  0  0  7/12    6:36   0:00   3:39 
Ivan Provorov            0  1  1   0  0   0  4  1  0  0  0/0    22:00   3:16   2:43 
Jonathan Audy-Marchessau 1  0  1   0  2   1  0  0  0  0  2/2    19:56   3:41   0:38 
Marc-Edouard Vlasic      0  0  0   0  0   1  0  2  0  0  0/0    17:15   0:00   3:58 
Max Pacioretty           0  1  1   0  2   5  0  0  0  0  0/1    19:18   3:41   0:00 
Nick Cousins             0  0  0   0  0   6  0  0  0  0  7/11   17:16   0:00   2:02 
Richard Panik            0  0  0   0  0   2  0  0  0  0  0/0    14:45   0:00   2:28 
Ryan Getzlaf             0  0  0   0  2   3  2  0  0  0  11/17  19:18   3:41   0:00 
Tanner Pearson           1  1  2   2  0   2  1  0  0  0  1/2    19:43   3:38   1:21 

Players Stats for SAN FRANCISCO SPIDERS

Player Name              G  A  P  +/- PIM S  H  SB GA TA FO     MP     PP MP  PK MP  
------------------------------------------------------------------------------------
Alex Chiasson            0  0  0   0  0   0  0  0  0  0  0/0     8:51   0:00   0:00 
Alexander Kerfoot        0  0  0   0  2   1  0  0  0  0  0/3    10:20   0:37   0:53 
Andrei Svechnikov        0  1  1  -1  0   4  2  0  0  0  1/3    20:00   2:17   4:31 
Calle Jarnkrok           0  0  0   0  0   1  0  0  0  0  6/13   10:06   0:43   0:19 
Danton Heinen            0  1  1  -1  0   3  0  1  0  0  6/24   19:31   2:22   3:57 
Darnell Nurse            0  0  0  -1  0   2  2  1  0  0  0/0    21:48   3:16   3:58 
Dominik Kahun            0  0  0   0  0   2  0  0  0  0  0/0     9:04   0:00   0:00 
Eric Robinson            0  0  0  -1  0   0  3  0  0  0  0/0    14:29   0:00   0:00 
Erik Haula               0  0  0   0  2   4  0  1  0  0  8/12   16:01   4:42   2:29 
Jordan Oesterle          0  0  0   0  2   0  0  2  0  0  0/0    19:08   0:42   3:03 
Kirby Dach               0  0  0  -1  0   1  0  0  0  0  8/16   18:35   4:06   0:00 
Michael Stone            0  0  0   0  2   0  3  0  0  0  0/0    19:50   3:49   0:38 
Milan Lucic              0  0  0  -1  0   1  1  0  0  0  1/2    18:03   2:22   2:29 
Nate Schmidt             0  0  0  -1  0   0  1  0  0  0  0/0    14:46   0:00   0:12 
Nico Sturm               0  0  0  -1  0   0  0  0  0  0  1/1    18:35   4:06   0:00 
Owen Tippett             0  0  0   0  0   0  1  0  0  0  0/0     9:04   0:00   0:00 
Sean Walker              0  0  0  -1  2   0  2  1  0  0  0/0    22:16   3:49   2:50 
Tyler Myers              1  0  1  -1  0   1  3  0  0  0  0/0    22:09   2:34   3:57 

3 Stars

1 - Corey Perry (REG)
2 - Brent Burns (REG)
3 - Tanner Pearson (REG)

Power Play

REGINA FALCONS - 2 on 5 Attempt(s) - 40,00%
SAN FRANCISCO SPIDERS - 1 on 4 Attempt(s) - 25,00%

Penalty Kill

REGINA FALCONS - 3 on 4 Attempt(s) - 75,00% - Score 0 goal in Penalty Kill
SAN FRANCISCO SPIDERS - 3 on 5 Attempt(s) - 60,00% - Score 0 goal in Penalty Kill

Team Stat

REGINA FALCONS - Hits : 16 - Faceoff Wins : 43 - Blocked Shots : 6 - Penalty Minutes : 8
SAN FRANCISCO SPIDERS - Hits : 18 - Faceoff Wins : 31 - Blocked Shots : 6 - Penalty Minutes : 10

Official

Referees : Kendrick Nicholson and Jon McIsaac
Linesman : Ryan Daisy and Scott Cherrey

Game Notes

No Game Note

Finance

Level 1 -- Attendance: 5457 (89,39%) -- Ticket Income 818 550 $
Level 2 -- Attendance: 4671 (90,17%) -- Ticket Income 467 100 $
Level 3 -- Attendance: 2035 (100,00%) -- Ticket Income 162 800 $
Level 4 -- Attendance: 3722 (89,04%) -- Ticket Income 223 320 $
Luxury Box -- Attendance: 711 (71,10%) -- Ticket Income 213 300 $
Game was played at the Bay Area Sports Center.
Total Attendance: 16596 (89,71%)
Total Ticket Income: 1 885 070 $
Other Expense: 18 851 $
Total Income: 1 866 219 $

REGINA FALCONS

5 vs 5 Forward 
   Center                   Left Wing                Right Wing               Time % Phy DF OF 
 1 Ryan Getzlaf             Max Pacioretty           Jonathan Audy-Marchessaul34     0   2  3  
 2 Derick Brassard          Tanner Pearson           Corey Perry              33     1   2  2  
 3 Nick Cousins             Richard Panik            Filip Zadina             27     1   2  2  
 4 Greg McKegg              Christoffer Ehn          Nick Cousins             6      1   2  2  

5 vs 5 Defense 
   Defense                  Defense                                           Time % Phy DF OF 
 1 Brent Burns              Brandon Carlo                                     35     0   4  1  
 2 Ivan Provorov            Anton Stralman                                    33     0   4  1  
 3 Brenden Dillon           Marc-Edouard Vlasic                               26     0   4  1  
 4 Erik Gustafsson          Marc-Edouard Vlasic                               6      0   4  1  

PowerPlay Forward 
   Center                   Left Wing                Right Wing               Time % Phy DF OF 
 1 Ryan Getzlaf             Max Pacioretty           Jonathan Audy-Marchessaul55     0   0  5  
 2 Derick Brassard          Tanner Pearson           Corey Perry              45     0   0  5  

PowerPlay Defense
   Defense                  Defense                                           Time % Phy DF OF 
 1 Brent Burns              Brandon Carlo                                     55     0   1  4  
 2 Ivan Provorov            Erik Gustafsson                                   45     0   2  3  

Penalty Kill 4 Players Forward 
   Center                   Wing                     Time % Phy DF OF 
 1 Greg McKegg              Richard Panik            55     0   4  1  
 2 Nick Cousins             Filip Zadina             45     0   4  1  

Penalty Kill 4 Players Defense
   Defense                  Defense                  Time % Phy DF OF 
 1 Anton Stralman           Marc-Edouard Vlasic      55     0   5  0  
 2 Ivan Provorov            Brenden Dillon           45     0   5  0  

Penalty Kill - 3 Players Forward 
   Forward                                           Time % Phy DF OF 
 1 Nick Cousins                                      55     0   5  0  
 2 Derick Brassard                                   45     0   5  0  

Penalty Kill - 3 Players Defense
   Defense                  Defense                  Time % Phy DF OF 
 1 Anton Stralman           Marc-Edouard Vlasic      55     0   5  0  
 2 Ivan Provorov            Brenden Dillon           45     0   5  0  

4 vs 4 Forward 
   Center                   Wing                     Time % Phy DF OF 
 1 Ryan Getzlaf             Max Pacioretty           55     0   2  3  
 2 Derick Brassard          Jonathan Audy-Marchessaul45     0   2  3  

4 vs 4 Defense
   Defense                  Defense                  Time % Phy DF OF 
 1 Brent Burns              Brandon Carlo            55     0   3  2  
 2 Ivan Provorov            Anton Stralman           45     0   3  2  

Last Minutes Offensive
   Center                   Left Wing                Right Wing               Defense                  Defense                  
   Ryan Getzlaf             Max Pacioretty           Jonathan Audy-MarchessaulBrent Burns              Brandon Carlo            

Last Minutes Defensive
   Center                   Left Wing                Right Wing               Defense                  Defense                  
   Ryan Getzlaf             Max Pacioretty           Jonathan Audy-MarchessaulIvan Provorov            Marc-Edouard Vlasic      

Goaltenders
Starting : Tristan Jarry            
Backup : Anton Khudobin           

Extra Forwards
Normal : Tanner Pearson, Max Pacioretty, Jonathan Audy-Marchessault - PP : Derick Brassard, Max Pacioretty - PK : Tanner Pearson
Extra Defensemen
Normal : Ivan Provorov, Brent Burns, Anton Stralman - PP : Brandon Carlo - PK : Brent Burns, Marc-Edouard Vlasic
Penalty Shots
Ryan Getzlaf, Max Pacioretty, Jonathan Audy-Marchessault, Tanner Pearson, Derick Brassard
Custom OT Lines Forwards
Ryan Getzlaf, Max Pacioretty, Tanner Pearson, Jonathan Audy-Marchessault, Derick Brassard, Nick Cousins, Corey Perry, Richard Panik, Filip Zadina, Greg McKegg
Custom OT Lines Defensemen
Brent Burns, Brandon Carlo, Ivan Provorov, Brenden Dillon, Marc-Edouard Vlasic

Scratches
David Pastrnak (Sprained Right Ankle Injury), Jonathan Miller (Right Ankle Injury)

SAN FRANCISCO SPIDERS

5 vs 5 Forward 
   Center                   Left Wing                Right Wing               Time % Phy DF OF 
 1 Danton Heinen            Milan Lucic              Andrei Svechnikov        30     0   0  5  
 2 Kirby Dach               Eric Robinson            Nico Sturm               30     0   0  5  
 3 Calle Jarnkrok           Dominik Kahun            Owen Tippett             20     0   0  5  
 4 Erik Haula               Alexander Kerfoot        Alex Chiasson            20     0   0  5  

5 vs 5 Defense 
   Defense                  Defense                                           Time % Phy DF OF 
 1 Jordan Oesterle          Michael Stone                                     34     0   5  0  
 2 Tyler Myers              Sean Walker                                       33     0   5  0  
 3 Nate Schmidt             Darnell Nurse                                     32     0   5  0  
 4 Darnell Nurse            Tyler Myers                                       1      0   5  0  

PowerPlay Forward 
   Center                   Left Wing                Right Wing               Time % Phy DF OF 
 1 Danton Heinen            Milan Lucic              Andrei Svechnikov        55     0   1  4  
 2 Erik Haula               Kirby Dach               Nico Sturm               45     0   1  4  

PowerPlay Defense
   Defense                  Defense                                           Time % Phy DF OF 
 1 Michael Stone            Sean Walker                                       55     0   3  2  
 2 Darnell Nurse            Tyler Myers                                       45     0   3  2  

Penalty Kill 4 Players Forward 
   Center                   Wing                     Time % Phy DF OF 
 1 Danton Heinen            Andrei Svechnikov        55     0   4  1  
 2 Milan Lucic              Erik Haula               45     0   4  1  

Penalty Kill 4 Players Defense
   Defense                  Defense                  Time % Phy DF OF 
 1 Jordan Oesterle          Sean Walker              55     0   5  0  
 2 Darnell Nurse            Tyler Myers              45     0   5  0  

Penalty Kill - 3 Players Forward 
   Forward                                           Time % Phy DF OF 
 1 Erik Haula                                        55     0   5  0  
 2 Andrei Svechnikov                                 45     0   5  0  

Penalty Kill - 3 Players Defense
   Defense                  Defense                  Time % Phy DF OF 
 1 Sean Walker              Jordan Oesterle          55     0   5  0  
 2 Darnell Nurse            Tyler Myers              45     0   5  0  

4 vs 4 Forward 
   Center                   Wing                     Time % Phy DF OF 
 1 Milan Lucic              Andrei Svechnikov        55     1   1  3  
 2 Kirby Dach               Erik Haula               45     1   1  3  

4 vs 4 Defense
   Defense                  Defense                  Time % Phy DF OF 
 1 Michael Stone            Sean Walker              55     1   3  1  
 2 Tyler Myers              Darnell Nurse            45     0   5  0  

Last Minutes Offensive
   Center                   Left Wing                Right Wing               Defense                  Defense                  
   Erik Haula               Eric Robinson            Andrei Svechnikov        Tyler Myers              Michael Stone            

Last Minutes Defensive
   Center                   Left Wing                Right Wing               Defense                  Defense                  
   Erik Haula               Eric Robinson            Andrei Svechnikov        Tyler Myers              Michael Stone            

Goaltenders
Starting : Igor Shesterkin          
Backup : Malcolm Subban           

Extra Forwards
Normal : Kirby Dach, Nico Sturm, Danton Heinen - PP : Kirby Dach, Nico Sturm - PK : Danton Heinen
Extra Defensemen
Normal : Sean Walker, Darnell Nurse, Tyler Myers - PP : Tyler Myers - PK : Tyler Myers, Darnell Nurse
Penalty Shots
Danton Heinen, Andrei Svechnikov, Nico Sturm, Erik Haula, Milan Lucic
Custom OT Lines Forwards
Eric Robinson, Andrei Svechnikov, Nico Sturm, Erik Haula, Milan Lucic, Calle Jarnkrok, Danton Heinen, Dominik Kahun, Alexander Kerfoot, Kirby Dach
Custom OT Lines Defensemen
Tyler Myers, Darnell Nurse, Jordan Oesterle, Sean Walker, Nate Schmidt

Scratches
Michael Anderson (Right Foot Injury), Collin Delia (Healthy)

% Time on Ice - REGINA FALCONS

Lines # - Real PCT - Wanted PCT - Time Play
Normal Forward
1 - 34% - 34% - 15:38
2 - 32% - 33% - 14:44
3 - 27% - 27% - 12:17
4 - 6% - 6% - 2:57
Normal Defense
1 - 36% - 35% - 16:18
2 - 34% - 33% - 15:19
3 - 25% - 26% - 11:13
4 - 6% - 6% - 2:46
PP Forward
1 - 50% - 55% - 3:41
2 - 50% - 45% - 3:38
PP Defense
1 - 55% - 55% - 4:03
2 - 45% - 45% - 3:16
PK Forward
1 - 71% - 55% - 5:03
2 - 29% - 45% - 2:02
PK Defense
1 - 42% - 55% - 3:00
2 - 58% - 45% - 4:05
PK3 Forward
1 - 0% - 55%
2 - 0% - 45%
PK3 Defense
1 - 0% - 55%
2 - 0% - 45%
44 Forward
1 - 0% - 55%
2 - 0% - 45%
44 Defense
1 - 0% - 55%
2 - 0% - 45%
Last Minute Offensive  - 0:00
Last Minute Defensive  - 0:00
Total
Forward - 60:00
Defense - 60:00

% Time on Ice - SAN FRANCISCO SPIDERS

Lines # - Real PCT - Wanted PCT - Time Play
Normal Forward
1 - 29% - 30% - 13:12
2 - 32% - 30% - 14:29
3 - 20% - 20% - 9:04
4 - 19% - 20% - 8:51
Normal Defense
1 - 34% - 34% - 15:24
2 - 34% - 33% - 15:38
3 - 32% - 32% - 14:34
4 - 0% - 1% - 0:00
PP Forward
1 - 34% - 55% - 2:23
2 - 66% - 45% - 4:42
PP Defense
1 - 54% - 55% - 3:49
2 - 46% - 45% - 3:16
PK Forward
1 - 62% - 55% - 4:31
2 - 38% - 45% - 2:48
PK Defense
1 - 59% - 55% - 4:19
2 - 41% - 45% - 3:00
PK3 Forward
1 - 0% - 55%
2 - 0% - 45%
PK3 Defense
1 - 0% - 55%
2 - 0% - 45%
44 Forward
1 - 0% - 55%
2 - 0% - 45%
44 Defense
1 - 0% - 55%
2 - 0% - 45%
Last Minute Offensive  - 0:00
Last Minute Defensive  - 0:00
Total
Forward - 60:00
Defense - 60:00

Play-by-Play

1st period


0:01 of 1st period - Ryan Getzlaf wins face-off versus Danton Heinen in neutral zone.
0:25 of 1st period - Danton Heinen is hit by Brandon Carlo and loses puck.
1:10 of 1st period - Off-side.
1:11 of 1st period - Nick Cousins wins face-off versus Calle Jarnkrok in neutral zone.
1:18 of 1st period - Shot by Nick Cousins.
1:18 of 1st period - Stopped by Igor Shesterkin with a rebound.
1:39 of 1st period - Minor Penalty to Brenden Dillon for Charging.
1:40 of 1st period - Erik Haula wins face-off versus Greg McKegg in REGINA FALCONS zone.
1:47 of 1st period - Shot by Erik Haula.
1:47 of 1st period - Stopped by Tristan Jarry with a rebound.
1:49 of 1st period - Shot by Kirby Dach.
1:49 of 1st period - Shot Misses the Net.
2:39 of 1st period - Shot by Danton Heinen.
2:39 of 1st period - Shot Misses the Net.
2:41 of 1st period - Shot by Darnell Nurse.
2:41 of 1st period - Stopped by Tristan Jarry without a rebound.
2:42 of 1st period - Greg McKegg wins face-off versus Andrei Svechnikov in REGINA FALCONS zone.
2:42 of 1st period - Greg McKegg is hit by Milan Lucic.
2:56 of 1st period - Shot by Andrei Svechnikov.
2:56 of 1st period - Shot Misses the Net.
2:58 of 1st period - Shot by Tyler Myers.
2:58 of 1st period - Shot Blocked by Marc-Edouard Vlasic.
3:00 of 1st period - Shot by Tyler Myers.
3:00 of 1st period - Goal by Tyler Myers - REGINA FALCONS : 0 - SAN FRANCISCO SPIDERS : 1.
3:01 of 1st period - Calle Jarnkrok wins face-off versus Derick Brassard in neutral zone.
3:06 of 1st period - Shot by Calle Jarnkrok.
3:06 of 1st period - Shot Misses the Net.
3:08 of 1st period - Shot by Darnell Nurse.
3:08 of 1st period - Shot Misses the Net.
3:10 of 1st period - Shot by Calle Jarnkrok.
3:10 of 1st period - Stopped by Tristan Jarry without a rebound.
3:11 of 1st period - Derick Brassard wins face-off versus Erik Haula in REGINA FALCONS zone.
3:22 of 1st period - Off-side.
3:23 of 1st period - Nico Sturm wins face-off versus Filip Zadina in neutral zone.
3:47 of 1st period - Shot by Nick Cousins.
3:47 of 1st period - Stopped by Igor Shesterkin with a rebound.
4:01 of 1st period - Shot by Nick Cousins.
4:01 of 1st period - Shot Misses the Net.
5:07 of 1st period - Icing by Corey Perry.
5:08 of 1st period - Derick Brassard wins face-off versus Danton Heinen in REGINA FALCONS zone.
5:52 of 1st period - Minor Penalty to Michael Stone for Tripping.
5:53 of 1st period - Ryan Getzlaf wins face-off versus Danton Heinen in SAN FRANCISCO SPIDERS zone.
5:54 of 1st period - Shot by Max Pacioretty.
5:54 of 1st period - Shot Misses the Net.
5:56 of 1st period - Shot by Ivan Provorov.
5:56 of 1st period - Shot Misses the Net.
6:00 of 1st period - Shot by Ryan Getzlaf.
6:00 of 1st period - Shot Blocked by Darnell Nurse.
6:02 of 1st period - Shot by Erik Gustafsson.
6:02 of 1st period - Stopped by Igor Shesterkin with a rebound.
6:04 of 1st period - Shot by Jonathan Audy-Marchessault.
6:04 of 1st period - Shot Blocked by Danton Heinen.
6:06 of 1st period - Shot by Ryan Getzlaf.
6:06 of 1st period - Stopped by Igor Shesterkin without a rebound.
6:07 of 1st period - Milan Lucic wins face-off versus Derick Brassard in SAN FRANCISCO SPIDERS zone.
6:18 of 1st period - Shot by Corey Perry.
6:18 of 1st period - Shot Misses the Net.
6:30 of 1st period - Shot by Ivan Provorov.
6:30 of 1st period - Shot Blocked by Erik Haula.
7:20 of 1st period - Icing by Ryan Getzlaf.
7:21 of 1st period - Ryan Getzlaf wins face-off versus Milan Lucic in REGINA FALCONS zone.
7:34 of 1st period - Shot by Max Pacioretty.
7:34 of 1st period - Stopped by Igor Shesterkin with a rebound.
7:36 of 1st period - Shot by Max Pacioretty.
7:36 of 1st period - Stopped by Igor Shesterkin without a rebound.
7:37 of 1st period - Danton Heinen wins face-off versus Derick Brassard in SAN FRANCISCO SPIDERS zone.
7:37 of 1st period - Danton Heinen is hit by Corey Perry.
8:05 of 1st period - Shot by Richard Panik.
8:05 of 1st period - Stopped by Igor Shesterkin with a rebound.
8:27 of 1st period - Shot by Filip Zadina.
8:27 of 1st period - Stopped by Igor Shesterkin without a rebound.
8:28 of 1st period - Kirby Dach wins face-off versus Ryan Getzlaf in SAN FRANCISCO SPIDERS zone.
8:44 of 1st period - Icing by Max Pacioretty.
8:45 of 1st period - Erik Haula wins face-off versus Ryan Getzlaf in REGINA FALCONS zone.
9:04 of 1st period - Shot by Ryan Getzlaf.
9:04 of 1st period - Shot Blocked by Jordan Oesterle.
9:06 of 1st period - Shot by Anton Stralman.
9:06 of 1st period - Stopped by Igor Shesterkin without a rebound.
9:07 of 1st period - Danton Heinen wins face-off versus Derick Brassard in SAN FRANCISCO SPIDERS zone.
9:28 of 1st period - Shot by Derick Brassard.
9:28 of 1st period - Deflect By Corey Perry.
9:28 of 1st period - Goal by Corey Perry - REGINA FALCONS : 1 - SAN FRANCISCO SPIDERS : 1.
9:29 of 1st period - Jonathan Audy-Marchessault wins face-off versus Kirby Dach in neutral zone.
9:56 of 1st period - Icing by Ivan Provorov.
9:57 of 1st period - Ryan Getzlaf wins face-off versus Danton Heinen in REGINA FALCONS zone.
10:12 of 1st period - Shot by Jonathan Audy-Marchessault.
10:12 of 1st period - Shot Misses the Net.
10:21 of 1st period - Shot by Jonathan Audy-Marchessault.
10:21 of 1st period - Shot Misses the Net.
10:23 of 1st period - Shot by Ryan Getzlaf.
10:23 of 1st period - Stopped by Igor Shesterkin without a rebound.
10:24 of 1st period - Tanner Pearson wins face-off versus Calle Jarnkrok in SAN FRANCISCO SPIDERS zone.
10:28 of 1st period - Icing by Nate Schmidt.
10:29 of 1st period - Calle Jarnkrok wins face-off versus Tanner Pearson in SAN FRANCISCO SPIDERS zone.
10:49 of 1st period - Shot by Tanner Pearson.
10:49 of 1st period - Shot Misses the Net.
10:51 of 1st period - Shot by Brent Burns.
10:51 of 1st period - Stopped by Igor Shesterkin without a rebound.
10:52 of 1st period - Kirby Dach wins face-off versus Nick Cousins in SAN FRANCISCO SPIDERS zone.
11:08 of 1st period - Shot by Ivan Provorov.
11:08 of 1st period - Shot Blocked by Jordan Oesterle.
11:11 of 1st period - Icing by Michael Stone.
11:12 of 1st period - Kirby Dach wins face-off versus Derick Brassard in SAN FRANCISCO SPIDERS zone.
13:04 of 1st period - Shot by Richard Panik.
13:04 of 1st period - Stopped by Igor Shesterkin without a rebound.
13:05 of 1st period - Erik Haula wins face-off versus Ryan Getzlaf in SAN FRANCISCO SPIDERS zone.
13:47 of 1st period - Shot by Erik Haula.
13:47 of 1st period - Shot Misses the Net.
14:24 of 1st period - Shot by Calle Jarnkrok.
14:24 of 1st period - Shot Misses the Net.
15:31 of 1st period - Icing by Darnell Nurse.
15:32 of 1st period - Nick Cousins wins face-off versus Danton Heinen in SAN FRANCISCO SPIDERS zone.
16:39 of 1st period - Shot by Tanner Pearson.
16:39 of 1st period - Shot Misses the Net.
16:42 of 1st period - Minor Penalty to Erik Haula for Hooking.
16:43 of 1st period - Derick Brassard wins face-off versus Alexander Kerfoot in SAN FRANCISCO SPIDERS zone.
17:01 of 1st period - Shot by Brent Burns.
17:01 of 1st period - Stopped by Igor Shesterkin without a rebound.
17:02 of 1st period - Corey Perry wins face-off versus Alexander Kerfoot in SAN FRANCISCO SPIDERS zone.
17:02 of 1st period - Corey Perry is hit by Sean Walker.
17:10 of 1st period - Shot by Tanner Pearson.
17:10 of 1st period - Goal by Tanner Pearson - REGINA FALCONS : 2 - SAN FRANCISCO SPIDERS : 1.
17:11 of 1st period - Greg McKegg wins face-off versus Kirby Dach in neutral zone.
17:34 of 1st period - Shot by Nick Cousins.
17:34 of 1st period - Stopped by Igor Shesterkin without a rebound.
17:35 of 1st period - Calle Jarnkrok wins face-off versus Derick Brassard in SAN FRANCISCO SPIDERS zone.
17:35 of 1st period - Calle Jarnkrok is hit by Tanner Pearson.
17:47 of 1st period - Shot by Derick Brassard.
17:47 of 1st period - Shot Misses the Net.
18:13 of 1st period - Shot by Derick Brassard.
18:13 of 1st period - Stopped by Igor Shesterkin without a rebound.
18:14 of 1st period - Erik Haula wins face-off versus Nick Cousins in SAN FRANCISCO SPIDERS zone.
18:43 of 1st period - Shot by Nick Cousins.
18:43 of 1st period - Shot Misses the Net.
18:45 of 1st period - Shot by Ivan Provorov.
18:45 of 1st period - Shot Misses the Net.
18:58 of 1st period - Icing by Erik Haula.
18:59 of 1st period - Erik Haula wins face-off versus Ryan Getzlaf in SAN FRANCISCO SPIDERS zone.
Goals for this period are 2 for REGINA FALCONS vs 1 for SAN FRANCISCO SPIDERS.
Shots for this period are 17 for REGINA FALCONS vs 4 for SAN FRANCISCO SPIDERS.

2nd period


0:01 of 2nd period - Derick Brassard wins face-off versus Kirby Dach in neutral zone.
0:01 of 2nd period - Tanner Pearson is hit by Eric Robinson and loses puck.
0:39 of 2nd period - Kirby Dach is hit by Erik Gustafsson and loses puck.
1:39 of 2nd period - Shot by Andrei Svechnikov.
1:39 of 2nd period - Shot Misses the Net.
2:33 of 2nd period - Shot by Dominik Kahun.
2:33 of 2nd period - Stopped by Tristan Jarry without a rebound.
2:34 of 2nd period - Derick Brassard wins face-off versus Erik Haula in REGINA FALCONS zone.
2:56 of 2nd period - Shot by Darnell Nurse.
2:56 of 2nd period - Shot Blocked by Brandon Carlo.
3:33 of 2nd period - Icing by Marc-Edouard Vlasic.
3:34 of 2nd period - Kirby Dach wins face-off versus Ryan Getzlaf in REGINA FALCONS zone.
4:23 of 2nd period - Shot by Danton Heinen.
4:23 of 2nd period - Shot Misses the Net.
4:44 of 2nd period - Shot by Danton Heinen.
4:44 of 2nd period - Shot Misses the Net.
4:50 of 2nd period - Shot by Danton Heinen.
4:50 of 2nd period - Stopped by Tristan Jarry without a rebound.
4:51 of 2nd period - Greg McKegg wins face-off versus Calle Jarnkrok in REGINA FALCONS zone.
5:08 of 2nd period - Shot by Nick Cousins.
5:08 of 2nd period - Stopped by Igor Shesterkin with a rebound.
5:16 of 2nd period - Christoffer Ehn is hit by Owen Tippett and loses puck.
7:40 of 2nd period - Shot by Andrei Svechnikov.
7:40 of 2nd period - Stopped by Tristan Jarry with a rebound.
7:42 of 2nd period - Shot by Milan Lucic.
7:42 of 2nd period - Stopped by Tristan Jarry without a rebound.
7:43 of 2nd period - Ryan Getzlaf wins face-off versus Calle Jarnkrok in REGINA FALCONS zone.
8:06 of 2nd period - Icing by Calle Jarnkrok.
8:07 of 2nd period - Derick Brassard wins face-off versus Calle Jarnkrok in SAN FRANCISCO SPIDERS zone.
8:10 of 2nd period - Shot by Tanner Pearson.
8:10 of 2nd period - Stopped by Igor Shesterkin without a rebound.
8:11 of 2nd period - Derick Brassard wins face-off versus Danton Heinen in SAN FRANCISCO SPIDERS zone.
8:27 of 2nd period - Derick Brassard is hit by Darnell Nurse and loses puck.
8:49 of 2nd period - Corey Perry is hit by Nate Schmidt and loses puck.
9:05 of 2nd period - Icing by Marc-Edouard Vlasic.
9:06 of 2nd period - Kirby Dach wins face-off versus Ryan Getzlaf in REGINA FALCONS zone.
9:18 of 2nd period - Jordan Oesterle is hit by Ryan Getzlaf and loses puck.
9:36 of 2nd period - Michael Stone is hit by Ryan Getzlaf and loses puck.
10:41 of 2nd period - Richard Panik is hit by Tyler Myers and loses puck.
10:56 of 2nd period - Shot by Corey Perry.
10:56 of 2nd period - Stopped by Igor Shesterkin with a rebound.
11:03 of 2nd period - Icing by Calle Jarnkrok.
11:04 of 2nd period - Ryan Getzlaf wins face-off versus Calle Jarnkrok in SAN FRANCISCO SPIDERS zone.
11:10 of 2nd period - Minor Penalty to Sean Walker for Interference.
11:11 of 2nd period - Andrei Svechnikov wins face-off versus Derick Brassard in SAN FRANCISCO SPIDERS zone.
11:11 of 2nd period - Andrei Svechnikov is hit by Corey Perry.
11:34 of 2nd period - Icing by Brent Burns.
11:35 of 2nd period - Derick Brassard wins face-off versus Danton Heinen in REGINA FALCONS zone.
11:43 of 2nd period - Icing by Tanner Pearson.
11:44 of 2nd period - Derick Brassard wins face-off versus Danton Heinen in REGINA FALCONS zone.
11:44 of 2nd period - Derick Brassard is hit by Andrei Svechnikov.
13:19 of 2nd period - Icing by Brenden Dillon.
13:20 of 2nd period - Greg McKegg wins face-off versus Calle Jarnkrok in REGINA FALCONS zone.
13:26 of 2nd period - Off-side.
13:27 of 2nd period - Nick Cousins wins face-off versus Kirby Dach in neutral zone.
13:34 of 2nd period - Shot by Nick Cousins.
13:34 of 2nd period - Shot Misses the Net.
13:58 of 2nd period - Shot by Nick Cousins.
13:58 of 2nd period - Stopped by Igor Shesterkin without a rebound.
13:59 of 2nd period - Derick Brassard wins face-off versus Danton Heinen in SAN FRANCISCO SPIDERS zone.
14:08 of 2nd period - Shot by Tanner Pearson.
14:08 of 2nd period - Shot Misses the Net.
14:28 of 2nd period - Shot by Corey Perry.
14:28 of 2nd period - Shot Misses the Net.
14:30 of 2nd period - Shot by Anton Stralman.
14:30 of 2nd period - Stopped by Igor Shesterkin without a rebound.
14:31 of 2nd period - Calle Jarnkrok wins face-off versus Max Pacioretty in SAN FRANCISCO SPIDERS zone.
14:46 of 2nd period - Minor Penalty to Jonathan Audy-Marchessault for Cross-checking.
14:47 of 2nd period - Erik Haula wins face-off versus Greg McKegg in REGINA FALCONS zone.
15:18 of 2nd period - Shot by Erik Haula.
15:18 of 2nd period - Stopped by Tristan Jarry with a rebound.
15:54 of 2nd period - Shot by Milan Lucic.
15:54 of 2nd period - Shot Misses the Net.
15:56 of 2nd period - Shot by Andrei Svechnikov.
15:56 of 2nd period - Stopped by Tristan Jarry with a rebound.
15:58 of 2nd period - Shot by Andrei Svechnikov.
15:58 of 2nd period - Stopped by Tristan Jarry with a rebound.
16:41 of 2nd period - Shot by Erik Haula.
16:41 of 2nd period - Stopped by Tristan Jarry without a rebound.
16:42 of 2nd period - Greg McKegg wins face-off versus Danton Heinen in REGINA FALCONS zone.
17:19 of 2nd period - Shot by Max Pacioretty.
17:19 of 2nd period - Stopped by Igor Shesterkin with a rebound.
18:22 of 2nd period - Shot by Erik Haula.
18:22 of 2nd period - Stopped by Tristan Jarry without a rebound.
18:23 of 2nd period - Danton Heinen wins face-off versus Nick Cousins in REGINA FALCONS zone.
18:40 of 2nd period - Shot by Danton Heinen.
18:40 of 2nd period - Stopped by Tristan Jarry without a rebound.
18:41 of 2nd period - Ryan Getzlaf wins face-off versus Kirby Dach in REGINA FALCONS zone.
19:04 of 2nd period - Shot by Ryan Getzlaf.
19:04 of 2nd period - Deflect By Max Pacioretty.
19:04 of 2nd period - Stopped by Igor Shesterkin with a rebound.
19:38 of 2nd period - Minor Penalty to Jordan Oesterle for Goalie Interference.
19:39 of 2nd period - Danton Heinen wins face-off versus Derick Brassard in SAN FRANCISCO SPIDERS zone.
19:39 of 2nd period - Danton Heinen is hit by Corey Perry.
19:57 of 2nd period - Icing by Corey Perry.
19:58 of 2nd period - Derick Brassard wins face-off versus Danton Heinen in REGINA FALCONS zone.
Goals for this period are 0 for REGINA FALCONS vs 0 for SAN FRANCISCO SPIDERS.
Shots for this period are 7 for REGINA FALCONS vs 10 for SAN FRANCISCO SPIDERS.

3rd period


0:01 of 3rd period - Ryan Getzlaf wins face-off versus Danton Heinen in neutral zone.
0:32 of 3rd period - Shot by Max Pacioretty.
0:32 of 3rd period - Deflect By Jonathan Audy-Marchessault.
0:32 of 3rd period - Goal by Jonathan Audy-Marchessault - REGINA FALCONS : 3 - SAN FRANCISCO SPIDERS : 1.
0:33 of 3rd period - Derick Brassard wins face-off versus Kirby Dach in neutral zone.
0:33 of 3rd period - Derick Brassard is hit by Eric Robinson.
0:56 of 3rd period - Off-side.
0:57 of 3rd period - Danton Heinen wins face-off versus Nick Cousins in neutral zone.
1:06 of 3rd period - Shot by Danton Heinen.
1:06 of 3rd period - Shot Blocked by Marc-Edouard Vlasic.
1:08 of 3rd period - Shot by Darnell Nurse.
1:08 of 3rd period - Stopped by Tristan Jarry without a rebound.
1:09 of 3rd period - Ryan Getzlaf wins face-off versus Erik Haula in REGINA FALCONS zone.
1:38 of 3rd period - Shot by Alexander Kerfoot.
1:38 of 3rd period - Shot Misses the Net.
1:48 of 3rd period - Off-side.
1:49 of 3rd period - Nick Cousins wins face-off versus Danton Heinen in neutral zone.
2:12 of 3rd period - Shot by Nick Cousins.
2:12 of 3rd period - Stopped by Igor Shesterkin without a rebound.
2:13 of 3rd period - Kirby Dach wins face-off versus Derick Brassard in SAN FRANCISCO SPIDERS zone.
2:33 of 3rd period - Shot by Tanner Pearson.
2:33 of 3rd period - Deflect By Derick Brassard.
2:33 of 3rd period - Goal by Derick Brassard - REGINA FALCONS : 4 - SAN FRANCISCO SPIDERS : 1.
2:34 of 3rd period - Jonathan Audy-Marchessault wins face-off versus Danton Heinen in neutral zone.
2:59 of 3rd period - Shot by Max Pacioretty.
2:59 of 3rd period - Stopped by Igor Shesterkin without a rebound.
3:00 of 3rd period - Kirby Dach wins face-off versus Derick Brassard in SAN FRANCISCO SPIDERS zone.
3:31 of 3rd period - Tanner Pearson is hit by Darnell Nurse and loses puck.
3:59 of 3rd period - Darnell Nurse is hit by Ivan Provorov and loses puck.
4:35 of 3rd period - Andrei Svechnikov is hit by Ivan Provorov and loses puck.
4:45 of 3rd period - Andrei Svechnikov is hit by Ivan Provorov and loses puck.
5:03 of 3rd period - Alexander Kerfoot is hit by Anton Stralman and loses puck.
5:30 of 3rd period - Nick Cousins is hit by Tyler Myers.
5:46 of 3rd period - Shot by Dominik Kahun.
5:46 of 3rd period - Shot Misses the Net.
5:48 of 3rd period - Shot by Calle Jarnkrok.
5:48 of 3rd period - Shot Misses the Net.
6:14 of 3rd period - Calle Jarnkrok is hit by Ivan Provorov and loses puck.
6:17 of 3rd period - Shot by Owen Tippett.
6:17 of 3rd period - Shot Blocked by Ivan Provorov.
7:47 of 3rd period - Tyler Myers is hit by Brent Burns.
8:01 of 3rd period - Brent Burns is hit by Eric Robinson and loses puck.
8:23 of 3rd period - Minor Penalty to Ryan Getzlaf for Tripping.
8:24 of 3rd period - Greg McKegg wins face-off versus Andrei Svechnikov in REGINA FALCONS zone.
10:11 of 3rd period - Shot by Derick Brassard.
10:11 of 3rd period - Stopped by Igor Shesterkin with a rebound.
10:19 of 3rd period - Shot by Derick Brassard.
10:19 of 3rd period - Shot Hit the Post.
10:21 of 3rd period - Shot by Christoffer Ehn.
10:21 of 3rd period - Stopped by Igor Shesterkin without a rebound.
10:22 of 3rd period - Greg McKegg wins face-off versus Alexander Kerfoot in SAN FRANCISCO SPIDERS zone.
11:48 of 3rd period - Shot by Alexander Kerfoot.
11:48 of 3rd period - Stopped by Tristan Jarry without a rebound.
11:49 of 3rd period - Kirby Dach wins face-off versus Greg McKegg in REGINA FALCONS zone.
12:01 of 3rd period - Nick Cousins is hit by Michael Stone.
12:04 of 3rd period - Christoffer Ehn is hit by Michael Stone and loses puck.
12:10 of 3rd period - Nick Cousins is hit by Michael Stone.
12:52 of 3rd period - Shot by Danton Heinen.
12:52 of 3rd period - Shot Blocked by Anton Stralman.
13:04 of 3rd period - Shot by Danton Heinen.
13:04 of 3rd period - Stopped by Tristan Jarry without a rebound.
13:05 of 3rd period - Nick Cousins wins face-off versus Erik Haula in REGINA FALCONS zone.
13:22 of 3rd period - Nate Schmidt is hit by Brandon Carlo and loses puck.
13:24 of 3rd period - Minor Penalty to Alexander Kerfoot for Interference.
13:25 of 3rd period - Derick Brassard wins face-off versus Danton Heinen in SAN FRANCISCO SPIDERS zone.
14:04 of 3rd period - Shot by Ivan Provorov.
14:04 of 3rd period - Shot Blocked by Sean Walker.
14:17 of 3rd period - Icing by Ryan Getzlaf.
14:18 of 3rd period - Ryan Getzlaf wins face-off versus Danton Heinen in REGINA FALCONS zone.
14:18 of 3rd period - Ryan Getzlaf is hit by Andrei Svechnikov.
14:37 of 3rd period - Off-side.
14:38 of 3rd period - Ryan Getzlaf wins face-off versus Danton Heinen in neutral zone.
15:00 of 3rd period - Jonathan Audy-Marchessault is hit by Tyler Myers and loses puck.
15:10 of 3rd period - Jonathan Audy-Marchessault is hit by Sean Walker and loses puck.
15:30 of 3rd period - Shot by Richard Panik.
15:30 of 3rd period - Shot Misses the Net.
15:32 of 3rd period - Shot by Brenden Dillon.
15:32 of 3rd period - Shot Misses the Net.
15:34 of 3rd period - Shot by Marc-Edouard Vlasic.
15:34 of 3rd period - Stopped by Igor Shesterkin without a rebound.
15:35 of 3rd period - Calle Jarnkrok wins face-off versus Derick Brassard in SAN FRANCISCO SPIDERS zone.
15:35 of 3rd period - Calle Jarnkrok is hit by Corey Perry.
15:51 of 3rd period - Shot by Dominik Kahun.
15:51 of 3rd period - Stopped by Tristan Jarry without a rebound.
15:52 of 3rd period - Nick Cousins wins face-off versus Kirby Dach in REGINA FALCONS zone.
16:00 of 3rd period - Icing by Filip Zadina.
16:01 of 3rd period - Nick Cousins wins face-off versus Danton Heinen in REGINA FALCONS zone.
16:40 of 3rd period - Shot by Milan Lucic.
16:40 of 3rd period - Deflect By Andrei Svechnikov.
16:40 of 3rd period - Stopped by Tristan Jarry without a rebound.
16:41 of 3rd period - Derick Brassard wins face-off versus Kirby Dach in REGINA FALCONS zone.
17:12 of 3rd period - Shot by Michael Stone.
17:12 of 3rd period - Shot Blocked by Brent Burns.
17:33 of 3rd period - Icing by Brent Burns.
17:34 of 3rd period - Calle Jarnkrok wins face-off versus Derick Brassard in REGINA FALCONS zone.
17:40 of 3rd period - Icing by Brandon Carlo.
17:41 of 3rd period - Danton Heinen wins face-off versus Corey Perry in REGINA FALCONS zone.
18:04 of 3rd period - Shot by Ryan Getzlaf.
18:04 of 3rd period - Stopped by Igor Shesterkin with a rebound.
18:13 of 3rd period - Minor Penalty to Max Pacioretty for Interference.
18:14 of 3rd period - Erik Haula wins face-off versus Greg McKegg in REGINA FALCONS zone.
18:15 of 3rd period - Shot by Kirby Dach.
18:15 of 3rd period - Stopped by Tristan Jarry without a rebound.
18:16 of 3rd period - Erik Haula wins face-off versus Greg McKegg in REGINA FALCONS zone.
Goals for this period are 2 for REGINA FALCONS vs 0 for SAN FRANCISCO SPIDERS.
Shots for this period are 8 for REGINA FALCONS vs 6 for SAN FRANCISCO SPIDERS.


DARCY
KUEMPER
JAKE
OETTINGER
NINO
NIEDERREITER

EAST COAST

HOCKEY LEAGUE

  • 1.CHI2QUE4
  • 2.LIM2CHA3
  • 3.LON3TRV5
  • 4.BAL5CHW6
  • 5.MANPIT
  • 6.NHWATL
  • 7.PETWOR
  • 8.RHI